 Dungeon Crawl Stone Soup version 0.26-a0-835-g8259106e14 (webtiles) character file.

Game seed: 3029745544865792776

45 Ijustatesigmund the Chopper (level 3, -4/31 HPs)
             Began as a Hill Orc Fighter on Nov 17, 2020.
             Slain by a gnoll
             ... wielding a +0 flail
              (8 damage)
             ... on level 2 of the Dungeon.
             The game lasted 00:01:43 (564 turns).

Ijustatesigmund the Chopper (Hill Orc Fighter)       Turns: 564, Time: 00:01:43

Health: -4/31      AC:  6    Str: 18    XL:     3   Next: 64%
Magic:  3/3        EV:  7    Int:  9    God:
Gold:   31         SH: 10    Dex: 10    Spells: 2/2 levels left

rFire    . . .     SeeInvis .   a - +0 war axe
rCold    . . .     Faith    .   c - +1 kite shield
rNeg     . . .     Spirit   .   b - +0 scale mail
rPois    +         Reflect  .   (no helmet)
rElec    .         Harm     .   (no cloak)
rCorr    .         Rampage  .   (no gloves)
MR       .....                  (no boots)
Stlth    ..........             (no amulet)
HPRegen  0.10/turn              e - ring of poison resistance
MPRegen  0.08/turn              (no ring)

@: mighty
A: no striking features
a: no special abilities


You were on level 2 of the Dungeon.
You visited 1 branch of the dungeon, and saw 2 of its levels.

You collected 31 gold pieces.

Inventory:

Hand Weapons
 a - a +0 war axe (weapon)
Armour
 b - a +0 scale mail (worn)
 c - a +1 kite shield (worn)
Jewellery
 e - a ring of poison resistance (left hand)
Scrolls
 h - a scroll of remove curse
 i - a scroll of identify


   Skills:
 - Level 3.6 Fighting
 + Level 5.2 Axes
 - Level 3.2 Armour
 - Level 3.2 Shields


You had 2 spell levels left.
You didn't know any spells.
Your spell library was empty.

Dungeon Overview and Level Annotations

Branches:
Dungeon (2/15)

Altars:


Message History

You hit the gnoll.
The gnoll is severely wounded.
You barely miss the gnoll. You barely miss the orc.
You block the gnoll's attack. The gnoll hits you with a +0 spear.
* * * LOW HITPOINT WARNING * * *
You block the orc's attack. You block the gnoll's attack.
You barely miss the gnoll.
The gnoll is severely wounded.
You slash the orc!
You kill the orc!
You hit the gnoll. The gnoll barely misses you.
The gnoll hits you with a +0 spear.
* * * LOW HITPOINT WARNING * * *
You block the gnoll's attack.
You closely miss the gnoll.
The gnoll is severely wounded.
You slash the gnoll!
You kill the gnoll!
The gnoll hits you with a +0 flail!
You die...

. #. ##.###
##..... .......
#..... ####..)##
.....#g@###
#...(..#
####(#......
#.#.##### #.# .
#.# .. #.## #.
.#####..###.##..
......)^........


You could see a gnoll.

Vanquished Creatures
  An adder (D:2)
  2 gnolls (D:2)
  A dart slug (D:1)
  An orc (D:2)
  A giant cockroach (D:1)
  3 goblins
  5 hobgoblins (D:1)
  A kobold (D:1)
  2 bats (D:1)
  3 frilled lizards (D:1)
  4 rats (D:1)
24 creatures vanquished.

Notes
Turn   | Place    | Note
-------+----------+-------------------------------------------
     0 | D:1      | Ijustatesigmund the Hill Orc Fighter began the quest for
                  | the Orb.
     0 | D:1      | Reached XP level 1. HP: 19/19 MP: 1/1
    31 | D:1      | Reached skill level 3 in Axes
    71 | D:1      | Reached XP level 2. HP: 25/26 MP: 2/2
   109 | D:1      | Reached skill level 4 in Axes
   486 | D:2      | Reached XP level 3. HP: 27/31 MP: 3/3
   556 | D:2      | Reached skill level 5 in Axes
   564 | D:2      | Slain by a gnoll

Illustrated notes

Levels and vault maps discovered:
D:1:      dpeg_arrival_shelter, layout_rooms, minmay_misc_feat_roman
D:2:      layout_rooms, lemuel_crystal_altar, grunt_gozag_statues

Skill      XL: |  1  2  3 |
---------------+----------+-----
Axes           | 3 4 5 |  5.2
Fighting       | |  3.6
Armour         | |  3.2
Shields        | |  3.2

Action                   || total
-------------------------++-------
Melee: War axe           ||    59
  Use: Scroll            ||     5
       Potion            ||     2
Armor: Scale mail        ||    23
Dodge: Dodged            ||    23
Block: Kite shield       ||    32

Table legend: (Time is in decaauts)
 A = Elapsed time spent in this place.
 B = Non-inter-level travel time spent in this place.
 C = Inter-level travel time spent in this place.
 D = Time resting spent in this place.
 E = Time spent auto-exploring this place.
 F = Levels seen in this place.
 G = Mean time per level.
                   A        B        C        D        E       F      G
               +--------+--------+--------+--------+--------+-----+--------+
         Total |    586 |    576 |     10 |      0 |    430 |   2 |  293.0 |
       Dungeon |    586 |    576 |     10 |      0 |    430 |   2 |  293.0 |
               +--------+--------+--------+--------+--------+-----+--------+

Top non-repeatable levels by time:
     D:1: 495 daAuts
     D:2: 91 daAuts
